AoeStats
← Racha

Arena

509534653Analyzed
1v1 RM · 4d ago on Sep 27, 2026· 49m 53s· 2 players
Game mode
Random Map
Map size
Tiny (2 player)
Population
200
Speed
Normal
Resources
Standard
Victory
Conquest
Starting age
Dark Age
Ending age
Imperial Age
RankedLock teamsTeams togetherTeam positionsShared explorationLock speedFull tech treeHidden civsTurbo modeCheats
Victory
Defeat
🇲🇽 Burmese · Mexico
1349
+16
🇵🇪 Armenians · Peru
1344
-16
Racha
6:39 Loom
9:38 Feudal Age
10:34 Double-Bit Axe
11:35 Fletching
17:55 Horse Collar
23:12 Castle Age
21:29 Padded Archer Armor
21:28 Gold Mining
21:55 Man-at-Arms
22:37 Scale Mail Armor
23:21 Forging
24:12 Squires
23:33 Long Swordsman
24:37 Chain Mail Armor
24:29 Two-Handed Swordsman
25:54 Wheelbarrow
27:03 Pikeman
30:55 Sanctity
30:59 Bow Saw
35:37 Redemption
36:58 Hand Cart
37:43 Halberdier
44:24 Imperial Age
44:39 Heavy Plow
44:29 Arson
44:46 Capped Ram
46:17 Iron Casting
47:49 Chemistry
48:32 Gambesons
ZEK000
5:51 Loom
8:28 Feudal Age
9:02 Horse Collar
9:16 Town Watch
11:50 Wheelbarrow
21:06 Castle Age
19:20 Fletching
22:39 Scale Barding Armor
25:03 Redemption
27:20 Bloodlines
29:31 Bodkin Arrow
37:01 Imperial Age
34:55 Husbandry
36:54 Light Cavalry
38:18 Chain Barding Armor
38:08 Forging
39:47 Plate Barding Armor
39:15 Devotion
39:37 Sanctity
40:18 Hussar
44:05 Iron Casting
43:01 Man-at-Arms
43:52 Long Swordsman
44:18 Gambesons
44:46 Scale Mail Armor
46:04 Two-Handed Swordsman
Connection lost

Rejoining the realm…

Still unreachable

The connection could not be restored.

Session expired

The server has moved on; the page needs a fresh start.